 Dungeon Crawl Stone Soup version 0.22.1-2-g9c5b331383 (webtiles) character file.

406 Revguard the Firebug (level 6, -6/46 HPs)
             Began as a Draconian Fire Elementalist on Dec 4, 2018.
             Mangled by Duvessa
             ... wielding a +1 short sword of protection
              (7 damage)
             ... on level 4 of the Dungeon.
             The game lasted 00:17:56 (3441 turns).

Revguard the Firebug (Draconian Fire Elementalist)  Turns: 3441, Time: 00:17:56

Health: -6/46      AC:  7    Str: 10    XL:     6   Next: 56%
Magic:  5/11       EV: 12    Int: 17    God:
Gold:   155        SH:  0    Dex: 12    Spells: 2/12 levels left

rFire    . . .     SeeInvis .   d - +0 scythe
rCold    + . .     Gourm    .   (shield currently unavailable)
rNeg     . . .     Faith    .   (armour unavailable)
rPois    .         Spirit   .   (helmet restricted)
rElec    .         Reflect  .   (no cloak)
rCorr    .         Harm     .   (no gloves)
MR       .....                  n - +0 pair of boots
Stlth    +.........             o - amulet of magic regeneration
HPRegen  0.15/turn              m - ring of protection from cold
MPRegen  0.37/turn              g - ring of attention (curse)

@: hasted, very quick
A: unfitting armour, cold-blooded, AC +6
a: no special abilities


You were on level 4 of the Dungeon.
You were hungry.

You visited 1 branch of the dungeon, and saw 4 of its levels.

You collected 155 gold pieces.

Inventory:

Hand Weapons
 d - a +0 scythe (weapon)
Armour
 n - a +0 pair of boots (worn)
Jewellery
 g - a cursed ring of attention (right hand)
 h - an uncursed ring of ice
 m - a ring of protection from cold (left hand)
 o - an amulet of magic regeneration (around neck)
Scrolls
 a - 3 scrolls of identify
 c - a scroll of random uselessness
 i - 2 scrolls of magic mapping
 k - a scroll of blinking
Potions
 l - 2 potions of resistance
Comestibles
 b - 6 rations


   Skills:
 + Level 0.7 Fighting
 * Level 1.1 Polearms
 + Level 2.5 Dodging
 - Level 2.0 Stealth
 + Level 3.7 Spellcasting
 + Level 3.1 Conjurations
 + Level 4.8 Fire Magic


You had 2 spell levels left.
You knew the following spells:

 Your Spells              Type           Power        Failure   Level  Hunger
a - Flame Tongue          Conj/Fire      ###..        3%          1    None
b - Throw Flame           Conj/Fire      ###...       4%          2    ##.....
c - Conjure Flame         Conj/Fire      ###.....     10%         3    ###....
d - Sticky Flame          Conj/Fire      ###.....     30%         4    ####...

Your spell library contained the following spells:

 Spells                   Type           Power        Failure   Level  Hunger
 Beastly Appendage        Tmut           #.....       16%         1    None
 Sticks to Snakes         Tmut           #.......     24%         2    ##.....
 Inner Flame              Hex/Fire       ##......     19%         3    ###....
 Spider Form              Tmut/Pois      #.........   43%         3    ###....
 Fireball                 Conj/Fire      ###.......   65%         5    ######.
 Ice Form                 Ice/Tmut       #.......     85%         4    ####...
 Blade Hands              Tmut           #.........   99%         5    ######.


Dungeon Overview and Level Annotations

Branches:
Dungeon (4/15)
 Temple: D:4-7

Altars:
Ashenzari
Cheibriados
Dithmenos
Gozag
Okawaru
Trog
Uskayaw

Annotations:
D:4 Dowan, Duvessa


Innate Abilities, Weirdness & Mutations

Your plain brown scales are hard. (AC +6)
You cannot fit into any form of body armour.
You are cold-blooded and may be slowed by cold attacks.


Message History

Aim: Duvessa, wielding a short sword of protection and wearing a leather armour You reach to attack!
You slash Duvessa!
Duvessa is moderately wounded.
Duvessa hits you with a short sword of protection.
You closely miss Duvessa.
Duvessa is moderately wounded.
Duvessa hits you with a short sword of protection. x2
Dowan closely misses you. Duvessa barely misses you. Dowan closely misses you.
You hit Duvessa but do no damage.
Duvessa is moderately wounded.
Duvessa closely misses you.
Duvessa hits you with a short sword of protection!
Dowan hits you with a dagger of electrocution.
Duvessa misses you.
Dowan hits you with a dagger of electrocution.
You are electrocuted!
* * * LOW HITPOINT WARNING * * *
You feel yourself speed up.
Duvessa hits you with a short sword of protection!
You die...

#.# ##...## #.# #.# #.##
##.....## #.###.# #..##
##.......## #..##.#
##...####.........####...#.##
#.......'.........'...........
##...####.........####...#.###
#..######.......## ##.##.#
###......###.....## ### #
#......### ##.e@## #.####.....
##e## #.#....###.# #.#
#.#....## .# #.#
##.#.....##.###..
#......_.........
#.#.##....(#. ... #.#.###....#
...# #.#.###....#


You could see Duvessa and Dowan.

Vanquished Creatures
  Sigmund (D:3)
  A scorpion (D:3)
  An orc wizard (D:3)
  2 orc priests (D:3)
  An adder (D:2)
  2 worms (D:2)
  5 dart slugs
  2 leopard geckos (D:3)
  14 orcs (D:3)
  6 bats
  4 giant cockroaches
  6 goblins
  6 hobgoblins
  3 jackals (D:3)
  12 kobolds
  3 quokkas
  A ball python (D:1)
  4 frilled lizards
  3 rats
77 creatures vanquished.

Notes
Turn   | Place    | Note
-------+----------+-------------------------------------------
     0 | D:1      | Revguard the Draconian Fire Elementalist began the quest
                  | for the Orb.
     0 | D:1      | Reached XP level 1. HP: 14/14 MP: 3/3
   336 | D:1      | Reached XP level 2. HP: 20/20 MP: 1/5
   396 | D:1      | Learned a level 2 spell: Throw Flame
   752 | D:2      | Reached XP level 3. HP: 26/26 MP: 0/6
  1509 | D:2      | Found an opulent altar of Gozag.
  1863 | D:3      | Learned a level 3 spell: Conjure Flame
  1887 | D:3      | Reached XP level 4. HP: 29/33 MP: 5/7
  1958 | D:3      | Reached skill level 4 in Fire Magic
  2020 | D:3      | Found an iron altar of Okawaru.
  2059 | D:3      | Noticed Sigmund
  2516 | D:3      | Killed Sigmund
  2516 | D:3      | Reached XP level 5. HP: 11/39 MP: 4/10
  2516 | D:3      | Reached XP level 6. HP: 13/46 MP: 4/11
  2855 | D:3      | Found a bloodstained altar of Trog.
  2907 | D:3      | Found a hide-covered altar of Uskayaw.
  2907 | D:3      | Found a snail-covered altar of Cheibriados.
  2910 | D:3      | Found a shadowy altar of Dithmenos.
  2943 | D:3      | Learned a level 4 spell: Sticky Flame
  3015 | D:3      | Reached skill level 1 in Polearms
  3303 | D:4      | Found a shattered altar of Ashenzari.
  3430 | D:4      | Noticed Dowan
  3430 | D:4      | Noticed Duvessa
  3440 | D:4      | HP: 1/46 [Dowan/dagger of electrocution (20)]
  3441 | D:4      | Mangled by Duvessa

Skill      XL: |  1  2  3  4  5  6 |
---------------+-------------------+-----
Dodging        | 2 |  2.5
Stealth        | 2 |  2.0
Conjurations   | 2 3 |  3.1
Fire Magic     | 4 |  4.8
Spellcasting   | 3 |  3.7
Polearms       | 1 |  1.1
Fighting       | |  0.7

Action                   |  1- 3 |  4- 6 || total
-------------------------+-------+-------++-------
Melee: Unarmed           |    90 |     5 ||    95
       Tailslap          |     7 |       ||     7
       Scythe            |       |     9 ||     9
 Cast: Flame Tongue      |    65 |    59 ||   124
       Throw Flame       |     9 |    27 ||    36
  Use: Scroll            |     1 |     7 ||     8
       Potion            |     1 |     6 ||     7
  Eat: Chunk             |     4 |     3 ||     7
       Ration            |       |     1 ||     1
Armor: Skin              |    34 |    20 ||    54
Dodge: Dodged            |   103 |    56 ||   159
